 Dungeon Crawl Stone Soup version 0.30-a0-883-g5ad918d77d (webtiles) character file.

Game seed: 447433013662922628

11369 oldriver the Thaumaturge (level 11, -20/92 HPs)
             Began as a Red Draconian Earth Elementalist on Mar 17, 2023.
             Was a Follower of Vehumet.
             Demolished by Gastronok (89 damage)
             ... on level 1 of the Lair of Beasts.
             The game lasted 00:14:37 (13717 turns).

oldriver the Thaumaturge (DrEE)                    Turns: 13717, Time: 00:14:38

Health: -20/92     AC: 15    Str: 11    XL:     11   Next: 48%
Magic:  11/35      EV:  2    Int: 19    God:    Vehumet [*.....]
Gold:   551        SH:  0    Dex: 12    Spells: 26/32 levels left

rFire   + + .      SeeInvis .    q - staff of poison
rCold   . . .      Faith    .    (no shield)
rNeg    . . .      Spirit   .    (body armour unavailable)
rPois   +          Reflect  +    t - +2 hat
rElec   .          Rampage  .    y - +2 cloak {Stlth+}
rCorr   .                        (no gloves)
Will    .....                    f - +2 pair of boots
Stlth   +++                      b - amulet of reflection
HPRegen 0.35/turn                d - ring of magical power
MPRegen 0.24/turn                u - ring of protection from fire

@: sleeping
A: breathe fire, AC +7, unfitting armour, fire resistance 1, cold-blooded
a: Breathe Fire, Renounce Religion


You were on level 1 of the Lair of Beasts.
You worshipped Vehumet.
Vehumet was aware of your devotion.
You visited 3 branches of the dungeon, and saw 12 of its levels.

You collected 648 gold pieces.
You spent 97 gold pieces at shops.

Inventory:

Hand Weapons
 h - a +1 dagger of draining
Armour
 f - a +2 pair of boots (worn)
 t - a +2 hat (worn)
 y - a +2 cloak of stealth (worn)
Magical Staves
 q - a staff of poison (weapon)
Jewellery
 b - an amulet of reflection (around neck)
 d - a ring of magical power (left hand)
 l - a ring of fire
 u - a ring of protection from fire (right hand)
Wands
 e - a wand of iceblast (13)
 x - a wand of polymorph (24)
 z - a wand of paralysis (5)
 A - a wand of flame (32)
 B - a wand of acid (1)
Scrolls
 c - 5 scrolls of amnesia
 i - 2 scrolls of blinking
 j - 5 scrolls of identify
 k - 5 scrolls of teleportation
 r - a scroll of enchant weapon
 w - 2 scrolls of poison
 D - a scroll of acquirement {unknown}
Potions
 a - 6 potions of magic
 g - 3 potions of haste
 m - 5 potions of heal wounds
 n - a potion of curing {unknown}
 o - 2 potions of degeneration {unknown}
 p - 3 potions of attraction {unknown}
 s - a potion of cancellation {unknown}
 v - a potion of resistance {unknown}
 C - a potion of berserk rage {unknown}
 E - a potion of mutation {unknown}


   Skills:
 + Level 7.4 Fighting
 - Level 4.0 Dodging
 - Level 4.0 Stealth
 + Level 11.0 Spellcasting
 - Level 10.0 Conjurations
 - Level 1.0 Transmutations
 - Level 6.0 Earth Magic


You had 26 spell levels left.
You knew the following spells:

 Your Spells              Type           Power      Damage    Failure   Level
a - Sandblast             Erth           66%        2d15      1%          1
b - Passwall              Tmut/Erth      19%        N/A       2%          2
c - Stone Arrow           Conj/Erth      80%        3d12      1%          3

Your spell library contained the following spells:

 Spells                   Type           Power      Damage    Failure   Level
 Foxfire                  Conj/Fire      100%       2x1d9     1%          1
 Hailstorm                Conj/Ice       29%        3d8       2%          3
 Freeze                   Ice            40%        1d6       7%          1
 Ensorcelled Hibernation  Hex/Ice        20%        N/A       10%         2
 Spider Form              Tmut/Pois      18%        N/A       16%         3
 Petrify                  Tmut/Erth      23%        N/A       16%         4
 Frozen Ramparts          Ice            20%        1d4       21%         3
 Inner Flame              Hex/Fire       10%        N/A       21%         3
 Swiftness                Air            10%        N/A       21%         3
 Ice Form                 Ice/Tmut       12%        N/A       47%         4
 Anguish                  Hex/Necr       5%         N/A       54%         4
 Cause Fear               Hex            5%         N/A       54%         4
 Summon Ice Beast         Ice/Summ       10%        N/A       54%         4
 Discord                  Hex            5%         N/A       100%        8


Dungeon Overview and Level Annotations

Branches:
Dungeon (10/15)            Temple (1/1) D:6            Lair (1/5) D:10
    Orc (0/2) D:9

Altars:
Ashenzari
Cheibriados
Dithmenos
Elyvilon
Fedhas
Gozag
Hepliaklqana
Kikubaaqudgha
Makhleb
Nemelex Xobeh
Okawaru
Qazlal
Ru
Sif Muna
Trog
Uskayaw
Vehumet
Wu Jian
Xom
Yredelemnul
Zin
The Shining One

Shops:
D:2 =   D:5 ?

Annotations:
Lair:1 Gastronok


Innate Abilities, Weirdness & Mutations

You can breathe blasts of fire.
Your fiery red scales are hard. (AC +7)
You cannot fit into any form of body armour.
Your flesh is heat resistant. (rF+)
You are cold-blooded and may be slowed by cold attacks.


Message History

Vehumet accepts your kill.
The stone arrow misses the dream sheep.
The stone arrow hits the dream sheep!
The dream sheep is severely wounded.
The dream sheep shake their wool and sparkle.
You feel drowsy...
You fall asleep.
You wake up.
The stone arrow hits the dream sheep!!
The dream sheep is almost dead.
Gastronok the Ponderous comes into view.
The stone arrow hits the dream sheep!!
The dream sheep is almost dead.
Gastronok gurgles horribly!
The stone arrow misses the dream sheep.
Gastronok waves his eye-stalks in wide circles.
The air twists around and strikes you!!
The dream sheep shake their wool and sparkle.
You feel drowsy...
You fall asleep.
Gastronok chants a spell, wobbling all the while.
The bat hits you.
You wake up.
The stone arrow hits the bat!
You kill the bat!
The bat's corpse disappears in a puff of smoke!
The stone arrow hits the dream sheep!!
You kill the dream sheep!
Vehumet accepts your kill.
Your Spellcasting skill increases to level 11!
The stone arrow hits the dream sheep!
The dream sheep is heavily wounded.
The quokka twitches its whiskers.
Gastronok's eyestalks quiver as he mumbles some strange words.
Gastronok puts on a burst of speed!
The stone arrow hits the bat!!
You kill the bat!
The bat's corpse disappears in a puff of smoke!
The dream sheep are wreathed in dream dust.
You feel drowsy...
You fall asleep.
Gastronok bites you!!!!
Ouch! That really hurt!
You die...

## ###### ##########
.###.##.######.#.##.#.########
.............................#
......##.###.###@.#..##.####.#
##....#..##.####w.......##.#
##.....+..........≈♣~≈~...##
##....##..........♣≈♣≈♣...#
.#....##........≈♣≈YY.♣≈~....
##....##.......♣≈YYr...♣♣≈....#
##.....+......♣♣Y.......P♣P...#
#.....##......♣♣......... ≈...#
##....#####..♣♣~..........≈....#


You could see Gastronok (swift), 5 dream sheep and a quokka (summoned).

Vanquished Creatures
  Erica (Lair:1)
  A two-headed ogre (D:9)
  Pikel (D:5)
  A black mamba (Lair:1)
  Maggie (D:6)
  A cane toad (Lair:1)
  An unseen horror (D:10)
  A rime drake (D:10)
  Grinder (D:6)
  Prince Ribbit (D:5)
  2 dream sheep (Lair:1)
  Sigmund (D:2)
  A vampire (D:10)
  10 yaks
  A wyvern (D:8)
  A basilisk (Lair:1)
  A steam dragon (D:7)
  Eustachio (D:6)
  2 humans (D:8)
  A water moccasin (Lair:1)
  A hornet zombie (D:7)
  6 ice beasts
  A sky beast (D:6)
  A black bear (D:7)
  5 orc warriors
  3 ogres
  2 wolves
  3 centaurs
  A lemure (D:5)
  A kobold brigand (D:9)
  3 bullfrogs
  A gnoll sergeant (D:7)
  4 scorpions
  A wyvern zombie (D:7)
  9 wights
  9 killer bees
  2 howler monkeys (D:10)
  5 orc priests
  4 jellies
  Crazy Yiuf (D:6)
  3 centaur zombies (D:7)
  A gnoll bouda (D:6)
  5 hounds
  2 sleepcaps
  4 iguanas
  15 orc wizards
  15 gnolls
  7 adders
  3 white imps
  An ufetubus (D:3)
  A worm (D:4)
  3 dart slugs
  45 orcs
  8 ball pythons
  11 endoplasms
  3 giant cockroaches
  9 goblins
  7 hobgoblins
  4 jackals
  3 quokkas
  7 bats
  5 frilled lizards
  16 kobolds
  7 rats
279 creatures vanquished.

Vanquished Creatures (others)
  A bush (Lair:1)
  6 fungi
  30 plants
37 creatures vanquished.

Grand Total: 316 creatures vanquished

Notes
Turn   | Place    | Note
-------+----------+-------------------------------------------
     0 | D:1      | oldriver the Draconian Earth Elementalist began the quest
                  | for the Orb.
     0 | D:1      | Reached XP level 1. HP: 14/14 MP: 3/3
    85 | D:1      | You fall into a shaft and drop 1 floor!
   258 | D:1      | Reached XP level 2. HP: 20/20 MP: 1/5
   944 | D:2      | Reached skill level 3 in Spellcasting
   976 | D:2      | Reached XP level 3. HP: 26/26 MP: 5/7
  1000 | D:2      | Found Ecutev's Jewellery Emporium.
  1383 | D:2      | Reached XP level 4. HP: 33/33 MP: 3/9
  1491 | D:2      | Noticed Sigmund
  1494 | D:2      | Killed Sigmund
  1495 | D:2      | Reached skill level 4 in Spellcasting
  1495 | D:2      | Reached XP level 5. HP: 38/38 MP: 7/12
  1901 | D:3      | Learned a level 2 spell: Passwall
  1905 | D:3      | Learned a level 3 spell: Stone Arrow
  1933 | D:3      | Found a broken altar of Ashenzari.
  2015 | D:3      | Found a stormy altar of Qazlal.
  2092 | D:3      | Reached XP level 6. HP: 45/45 MP: 13/13
  2094 | D:3      | Found a faded altar of an unknown god.
  2328 | D:3      | Reached skill level 5 in Spellcasting
  2768 | D:4      | Reached skill level 1 in Conjurations
  2847 | D:4      | Found a hazy altar of Hepliaklqana.
  3021 | D:4      | Reached skill level 5 in Earth Magic
  3182 | D:4      | Found a shimmering altar of Xom.
  3485 | D:4      | Reached skill level 1 in Fighting
  3485 | D:4      | Your scales start taking on a fiery red colour.
  3485 | D:4      | Reached XP level 7. HP: 50/52 MP: 14/14
  3485 | D:4      | Gained mutation: Your flesh is heat resistant. (rF+) [Red
                  | Draconian growth]
  3881 | D:5      | Entered Level 5 of the Dungeon
  3982 | D:5      | Noticed Pikel
  4000 | D:5      | Killed Pikel
  4127 | D:5      | Reached XP level 8. HP: 63/63 MP: 16/16
  4332 | D:5      | Noticed Prince Ribbit
  4337 | D:5      | Reached skill level 6 in Spellcasting
  4347 | D:5      | Killed Prince Ribbit
  4348 | D:5      | Reached skill level 5 in Conjurations
  4446 | D:5      | Found Ubri Ufy's Magic Scroll Shop.
  4472 | D:5      | Bought a scroll of enchant armour for 97 gold pieces
  4743 | D:5      | Found an ornate altar of the Wu Jian Council.
  5035 | D:6      | Found a runed translucent door.
  5035 | D:6      | Noticed Grinder
  5035 | D:6      | Noticed Crazy Yiuf
  5063 | D:6      | Noticed Eustachio
  5066 | D:6      | Found a staircase to the Ecumenical Temple.
  5080 | D:6      | Killed Eustachio
  5170 | D:6      | Reached skill level 7 in Spellcasting
  5261 | D:6      | Found a glowing golden altar of the Shining One.
  5459 | D:6      | Noticed Maggie
  5466 | D:6      | Killed Maggie
  5467 | D:6      | Reached skill level 8 in Spellcasting
  5467 | D:6      | Reached XP level 9. HP: 66/69 MP: 11/21
  6622 | D:6      | Killed Crazy Yiuf
  6625 | D:6      | Paralysed by something for 3 turns
  6633 | D:6      | Killed Grinder
  7448 | D:7      | Reached XP level 10. HP: 80/80 MP: 22/22
  7516 | D:7      | Reached skill level 5 in Fighting
  7870 | D:7      | Found a shimmering blue altar of Sif Muna.
  8402 | D:7      | Reached skill level 9 in Spellcasting
  8692 | D:8      | Found a blossoming altar of Fedhas.
  8959 | D:8      | Found an iron altar of Okawaru.
  9004 | D:8      | Found a sacrificial altar of Ru.
  9220 | Temple   | Entered the Ecumenical Temple
  9353 | Temple   | Became a worshipper of Vehumet
  9831 | D:9      | Noticed a two-headed ogre
  9836 | D:9      | Killed a two-headed ogre
  9921 | D:9      | Found a staircase to the Orcish Mines.
 10174 | D:9      | Reached skill level 10 in Spellcasting
 11056 | D:10     | Entered Level 10 of the Dungeon
 11149 | D:10     | Found a staircase to the Lair.
 11162 | D:10     | Reached * piety under Vehumet
 11162 | D:10     | Offered knowledge of Foxfire by Vehumet.
 11163 | D:10     | Reached skill level 10 in Conjurations
 11163 | D:10     | Reached XP level 11. HP: 57/86 MP: 25/25
 13034 | Lair:1   | Entered Level 1 of the Lair of Beasts
 13247 | Lair:1   | Noticed Erica
 13262 | Lair:1   | Killed Erica
 13697 | Lair:1   | Noticed Gastronok
 13707 | Lair:1   | Reached skill level 11 in Spellcasting
 13717 | Lair:1   | Demolished by Gastronok

Illustrated notes

Levels and vault maps discovered:
D:1:      dpeg_arrival_lava_temple_mockup, layout_basic,
          amcnicky_mini_corridor_feature
D:2:      layout_basic, serial_shops, shop, nicolae_hexahallways, uniq_sigmund
D:3:      layout_rooms, mainiacjoe_overflow_boulevard,
          mainiacjoe_overflow_alcove_1, basic_ecumenical_altar, kennysheep_nub,
          minmay_misc_feat_rows, minmay_starry_boxes
D:4:      wad_river_or_something, layout_basic, mainiacjoe_overflow_chevrons,
          tgw_xom
D:5:      layout_basic, mainiacjoe_overflow_small_starburst, serial_shops, shop,
          minmay_misc_feat_four_crosses, uniq_prince_ribbit1, uniq_pikel
D:6:      layout_loops_ring, tso_oasis_becter, minmay_temple_entry_from_below_b,
          uniq_eustachio, uniq_crazy_yiuf_cottage, uniq_grinder, uniq_maggie
D:7:      layout_loops_ring, nicolae_sif_muna_little_library, serial_undead,
          serial_undead_a, serial_undead_d, serial_undead_f, serial_undead_c
D:8:      layout_basic, nicolae_ru_path_of_blood, okawaru_humans,
          lemuel_round_altar, hangedman_decor_push, serial_bayou_crossing
D:9:      layout_cave_pools, orc_0_dummy
D:10:     layout_grid_maze, hellmonk_lair_entry_icy, st_stairs_13,
          chequers_serial_rivers_micro_b
Temple:   nicolae_temple_godzebo
Lair:1:   layout_regular_city, ebering_ghost_xom, chequers_serial_rivers_room_b,
          nicolae_lair_grazing_beasts [nicolae_sub_lair_graze_edge,
          nicolae_sub_lair_graze_edge, nicolae_sub_lair_graze_edge,
          nicolae_sub_lair_graze_edge], uniq_gastronok, uniq_erica

Skill      XL: |  1  2  3  4  5  6  7  8  9 10 11 |
---------------+----------------------------------+-----
Spellcasting   | 3 4 5 8 10 11 | 11.0
Earth Magic    | 4 5 6 |  6.0
Conjurations   | 3 4 6 7 10 | 10.0
Fighting       | 1 3 4 5 7 |  7.4
Dodging        | 2 3 4 |  4.0
Stealth        | 2 4 |  4.0
Transmutations | |  1.0

Action                     |  1- 3 |  4- 6 |  7- 9 | 10-12 || total
---------------------------+-------+-------+-------+-------++-------
  Melee: Unarmed           |    14 |       |       |       ||    14
         Tailslap          |     3 |       |     7 |     9 ||    19
         Dagger            |       |     2 |       |       ||     2
         Staff             |       |       |    31 |    57 ||    88
   Cast: Sandblast         |    54 |   110 |    75 |    21 ||   260
         Stone Arrow       |       |       |   111 |   198 ||   309
  Evoke: Wand              |       |       |       |     5 ||     5
    Use: Scroll            |     1 |     4 |    12 |     1 ||    18
   Stab: Sleeping          |       |       |     1 |       ||     1
 Armour: Skin              |    23 |     9 |    42 |   110 ||   184
  Dodge: Dodged            |    38 |    29 |    49 |    80 ||   196
  Block: Other             |     8 |    17 |    22 |    37 ||    84
         Reflection        |       |     2 |       |     5 ||     7

Table legend: (Time is in decaauts)
 A = Elapsed time spent in this place.
 B = Non-inter-level travel time spent in this place.
 C = Inter-level travel time spent in this place.
 D = Time resting spent in this place.
 E = Time spent auto-exploring this place.
 F = Levels seen in this place.
 G = Mean time per level.
                   A        B        C        D        E       F      G
               +--------+--------+--------+--------+--------+-----+--------+
         Total |  13894 |  13350 |    544 |   1393 |  10009 |  12 | 1157.8 |
       Dungeon |  13049 |  12544 |    505 |   1246 |   9471 |  10 | 1304.9 |
        Temple |    154 |    117 |     37 |      0 |    107 |   1 |  154.0 |
          Lair |    690 |    690 |      0 |    147 |    431 |   1 |  690.0 |
               +--------+--------+--------+--------+--------+-----+--------+

Top non-repeatable levels by time:
    D:10: 1896 daAuts
     D:6: 1826 daAuts
     D:7: 1800 daAuts
     D:4: 1281 daAuts
     D:9: 1248 daAuts
     D:8: 1158 daAuts
     D:5: 1144 daAuts
     D:1: 946 daAuts
     D:2: 942 daAuts
     D:3: 804 daAuts
  Lair:1: 690 daAuts
  Temple: 154 daAuts
